 Dungeon Crawl Stone Soup version 0.13-a0-1536-gedae9ec (webtiles) character file.

223 Kae the Chiller (level 4, 0/24 HPs)
             Began as a Deep Elf Ice Elementalist on June 9, 2013.
             Slain by a centaur skeleton (1 damage)
             ... on Level 3 of the Dungeon.
             The game lasted 00:04:23 (3077 turns).

Kae the Chiller (Deep Elf Ice Elementalist)         Turns: 3077, Time: 00:04:23

HP   0/24        AC  7     Str  6      XL: 4   Next: 54%
MP   9/13        EV 13     Int 20      God:
Gold 118         SH  0     Dex 15      Spells:  2 memorised,  6 levels left

Res.Fire  : . . .   See Invis. : .   a - +0,+2 dagger (protect)
Res.Cold  : . . .   Warding    : .   q - +0 elf robe
Life Prot.: . . .   Conserve   : .   (no shield)
Res.Poison: .       Res.Corr.  : .   (no helmet)
Res.Elec. : .       Clarity    : .   (no cloak)
Sust.Abil.: . .     Spirit.Shd : .   (no gloves)
Res.Mut.  : .       Stasis     : .   (no boots)
Res.Rott. : .       Flight     : .   (no amulet)
Saprovore : . . .                    (no ring)
                                     (no ring)

@: slightly resistant to hostile enchantments, fairly stealthy
A: no striking features
a: no special abilities


You were on level 3 of the Dungeon.
You were not hungry.

You visited 1 branch of the dungeon, and saw 3 of its levels.

You collected 98 gold pieces.

Inventory:

Hand weapons
 a - a +0,+2 dagger of protection (weapon)
 b - a +0 elven blowgun
 y - a cursed -1,-1 orcish dagger (quivered)
 z - a +1,+1 whip of pain
Missiles
 u - 16 poisoned needles
Armour
 q - a +0 elven robe (worn)
Comestibles
 c - 3 bread rations
 f - a pear
 k - a sausage
 l - an apple
 v - 2 meat rations
 w - 2 chunks of orc flesh
 x - a chunk of goblin flesh
Scrolls
 d - a scroll of curse weapon {unknown}
 g - 2 scrolls of teleportation {unknown}
 i - a scroll of amnesia {unknown}
 m - 2 scrolls of remove curse {unknown}
 n - a scroll of fear {unknown}
 o - a scroll of curse jewellery {unknown}
 p - 2 scrolls of enchant armour {unknown}
 r - a scroll of curse armour {unknown}
 s - a scroll of identify {unknown}
Jewellery
 j - an uncursed amulet of clarity {unknown}
Potions
 e - a potion of degeneration {unknown}
 h - 2 potions of curing
Books
 t - a book of Frost

   Spells                             Type                      Level
   *Freeze                            Ice                          1
   *Throw Frost                       Conjuration/Ice              2
   Ozocubu's Armour                   Charms/Ice                   3
   Throw Icicle                       Conjuration/Ice              4
   Summon Ice Beast                   Ice/Summoning                4
   Condensation Shield                Ice                          4


   Skills:
 - Level 2.4 Dodging
 - Level 2.4 Stealth
 + Level 3.1 Spellcasting
 * Level 2.7 Conjurations
 * Level 4.6 Ice Magic


You had 6 spell levels left.
You knew the following spells:

 Your Spells              Type           Power        Failure   Level  Hunger
a - Freeze                Ice            ###.         2%          1    None
b - Throw Frost           Conj/Ice       ###...       4%          2    ##.....


Dungeon Overview and Level Annotations

Branches:
Dungeon (3/27)

Altars:
Nemelex Xobeh


Message History

Casting: Freeze
Confirm with . or Enter, or press ? or * to list all spells.
Aiming: Freeze
Press: ? - help, Shift-Dir - straight line, f/p - centaur skeleton
Aim: a centaur skeleton You freeze the centaur skeleton.
The centaur skeleton resists.
The centaur skeleton hits you.
You hit the centaur skeleton. The centaur skeleton hits you.
* * * LOW HITPOINT WARNING * * *
The centaur skeleton hits you but does no damage.
You hit the centaur skeleton. The centaur skeleton misses you.
You hit the centaur skeleton. The centaur skeleton hits you.
* * * LOW HITPOINT WARNING * * *
You hit the centaur skeleton.
The centaur skeleton closely misses you.
The centaur skeleton barely misses you.
You hit the centaur skeleton. The centaur skeleton hits you.
* * * LOW HITPOINT WARNING * * *
The centaur skeleton hits you.
You die...

#...# ##.## #.#.#
#.# #.#.# #.#
#.#.# #.# #.#.#
#.# #.#.# #.#
#.#.# #.# ..#.# #
#.# # ##@# ..# #.#
.....####Z###....#
#%#
.....?.%.gr.....#
#.#
......###.#######
#(# ##. #..%...#
####.# ⌠.⌠Z.....#
#....#
..._.#..#.##
###### .r⌠.⌠#..#.#
... #....#


You could see a hobgoblin, a rat and a centaur skeleton.

Vanquished Creatures
  2 adders
  A giant mite (D:1)
  A worm (D:2)
  4 giant geckos
  An ooze (D:3)
  3 orcs (D:3)
  8 bats
  3 giant cockroaches
  7 goblins
  5 hobgoblins
  5 jackals
  10 kobolds
  6 giant newts
  9 rats
65 creatures vanquished.

Notes
Turn   | Place    | Note
--------------------------------------------------------------
     0 | D:1      | Kae, the Deep Elf Ice Elementalist, began the quest for the Orb.
     0 | D:1      | Reached XP level 1. HP: 10/10 MP: 4/4
   471 | D:1      | Reached XP level 2. HP: 12/15 MP: 7/7
   494 | D:1      | Learned a level 2 spell: Throw Frost
   815 | D:1      | Reached XP level 3. HP: 13/19 MP: 9/9
  1412 | D:2      | Reached skill level 4 in Ice Magic
  2125 | D:2      | Reached XP level 4. HP: 24/24 MP: 12/12
  2484 | D:3      | HP: 1/24 [poisoned by a kobold]
  3060 | D:3      | Found a sparkling altar of Nemelex Xobeh.
  3075 | D:3      | HP: 1/24 [centaur skeleton (2)]
  3077 | D:3      | Slain by a centaur skeleton

Action                   |  1- 3 |  4- 6 || total
-------------------------+-------+-------++-------
Melee: Unarmed           |    60 |     4 ||    64
       Dagger            |       |    39 ||    39
 Cast: Freeze            |    51 |    31 ||    82
       Throw Frost       |     3 |       ||     3
  Use: Potion            |       |     1 ||     1
 Stab: Sleeping          |     1 |     1 ||     2
